 Dungeon Crawl Stone Soup version 0.30-a0-860-g512cf1e979 (webtiles) character file.

Game seed: 5862131577985553936

4099 112233 the Reanimator (level 10, -2/63 HPs)
             Began as a Human Necromancer on Mar 7, 2023.
             Was an Initiate of Gozag.
             Slain by a warg (16 damage)
             ... on level 9 of the Dungeon.
             The game lasted 00:11:20 (10264 turns).

112233 the Reanimator (Human Necromancer)          Turns: 10264, Time: 00:11:21

Health: -2/63      AC:  2    Str:  9    XL:     10   Next: 50%
Magic:  7/21       EV: 21    Int: 19    God:    Gozag
Gold:   771        SH:  0    Dex: 14    Spells: 15/24 levels left

rFire   + . .      SeeInvis .    u - +2 spear (venom)
rCold   . . .      Faith    .    (no shield)
rNeg    . . .      Spirit   .    a - +0 robe
rPois   .          Reflect  .    (no helmet)
rElec   .          Rampage  .    x - scarf {shadows}
rCorr   .                        (no gloves)
Will    .....                    (no boots)
Stlth   ++                       (no amulet)
HPRegen 0.30/turn                h - ring of protection from fire
MPRegen 0.17/turn                i - +5 ring of evasion

@: about to teleport, marked, gold aura
A: no striking features
a: Renounce Religion, Potion Petition, Call Merchant, Bribe Branch


You were on level 9 of the Dungeon.
You worshipped Gozag.
Gozag was pleased with you.
You visited 2 branches of the dungeon, and saw 10 of its levels.

You collected 1079 gold pieces.
You spent 260 gold pieces at shops.
You paid 48 gold pieces to Gozag.

Inventory:

Hand Weapons
 c - a +0 club
 u - a +2 spear of venom (weapon)
Missiles
 w - a throwing net
Armour
 a - a +0 robe (worn)
 m - a +0 cloak
 x - a scarf of shadows (worn)
 E - a +2 kite shield
Jewellery
 h - a ring of protection from fire (left hand)
 i - a +5 ring of evasion (right hand)
 p - an amulet of guardian spirit
 D - a +4 ring of slaying
 H - a ring of ice
Wands
 v - a wand of digging (14)
 y - a wand of polymorph (5)
 B - a wand of flame (9)
 F - a wand of acid (4)
Scrolls
 b - 3 scrolls of noise {unknown}
 d - 14 scrolls of identify {unknown}
 e - 4 scrolls of teleportation
 g - a scroll of fear {unknown}
 j - 4 scrolls of immolation {unknown}
 l - a scroll of amnesia {unknown}
 n - 3 scrolls of poison {unknown}
 o - a scroll of vulnerability {unknown}
 s - a scroll of blinking {unknown}
 z - a scroll of enchant armour {unknown}
Potions
 f - a potion of magic
 k - a potion of berserk rage
 q - a potion of heal wounds
 r - a potion of haste {unknown}
 t - 2 potions of flight {unknown}
 A - a potion of invisibility {unknown}
 C - a potion of curing
 G - a potion of brilliance {unknown}


   Skills:
 + Level 8.6 Dodging
 - Level 2.8 Stealth
 + Level 7.9 Spellcasting
 + Level 9.3 Necromancy


You had 15 spell levels left.
You knew the following spells:

 Your Spells              Type           Power      Damage    Failure   Level
a - Necrotise             Necr           100%       1d9       1%          1
b - Vampiric Draining     Necr           43%        2d9       1%          3
c - Agony                 Necr           43%        N/A       5%          5

Your spell library contained the following spells:

 Spells                   Type           Power      Damage    Failure   Level
 Sublimation of Blood     Necr           43%        N/A       1%          2
 Lesser Beckoning         Tloc           14%        N/A       14%         2
 Wereblood                Tmut           7%         N/A       14%         2
 Gell's Gravitas          Tloc           7%         N/A       28%         3
 Teleport Other           Tloc           7%         N/A       28%         3
 Summon Hydra             Summ           3%         N/A       100%        7
 Animate Dead             Necr           Unusable   N/A       N/A         4

Dungeon Overview and Level Annotations

Branches:
Dungeon (9/15)             Temple (1/1) D:4             Orc (0/2) D:9
   Lair: D:8-11

Altars:
Ashenzari
Cheibriados
Dithmenos
Elyvilon
Fedhas
Gozag
Hepliaklqana
Kikubaaqudgha
Nemelex Xobeh
Qazlal
Ru
Sif Muna
Trog
Uskayaw
Vehumet
Wu Jian
Xom
Zin
The Shining One

Shops:
D:3 (   D:4 ![[


Message History

You feel life coursing into your body.
A killer bee comes into view.
The warg stops to sniff the ground.
The kobold hits you with a +0 dagger. The orc hits you with a +0 club.
* * * LOW HITPOINT WARNING * * *
As you read the scroll labelled BAMIJIUSABO, it crumbles to dust.
You feel strangely unstable.
It was a scroll of teleportation.
A killer bee comes into view. x2
The warg stops to sniff the ground.
The kobold completely misses you. The orc hits you with a +0 club.
* * * LOW HITPOINT WARNING * * *
The warg closely misses you.
Casting: Vampiric Draining (safe; 1% risk of failure)
Confirm with . or Enter, or press ? or * to list all spells.
Aiming: Vampiric Draining (safe; 1% risk of failure)
Press: ? - help, Shift-Dir - straight line, f - orc
Aim: an orc, wielding a +0 club and wearing a +0 chain mail You draw life force from the orc!
You kill the orc!
You feel life coursing into your body.
A killer bee comes into view.
The kobold hits you with a +0 dagger.
* * * LOW HITPOINT WARNING * * *
A kobold brigand comes into view.
It is wielding a +0 dagger and quivering poisoned darts.
The warg bites you.
* * * LOW HITPOINT WARNING * * *
Unknown command.
Casting: Vampiric Draining (safe; 1% risk of failure)
Confirm with . or Enter, or press ? or * to list all spells.
Aiming: Vampiric Draining (safe; 1% risk of failure)
Press: ? - help, Shift-Dir - straight line, f - kobold
Aim: a kobold, wielding a +0 dagger and quivering stones You draw life force from the kobold!
You kill the kobold!
You feel life coursing into your body. The kobold misses you.
The kobold throws a stone.
The stone closely misses you.
A kobold comes into view. It is wielding a +0 club.
The warg bites you!
You die...
Your body crumbles into a pile of gold.

##### ###### K..... .#
...... .K.... .#####
###### .yy...#.....
...... ...y......#
######. .....K....#
#......
.....h....#######.#####
.....y@.$..............
...>.K........###.####.
..............#...# #.
...........$....### #.
........$$..$.### #.
..........$...# #.
#......###....# .# ..
....### .###+#


You could see a warg, a kobold brigand, 4 killer bees and 3 kobolds.

Vanquished Creatures
  Harold (D:9)
  A hornet (D:7)
  2 vampire mosquitoes (D:9)
  3 water moccasins (D:7)
  2 orc warriors
  4 black bears
  2 ice beasts
  2 ogres
  2 kobold brigands
  2 bullfrogs
  Blork the orc (D:4)
  2 scorpions
  3 wights (D:7)
  3 killer bees (D:7)
  3 hounds
  3 jellies
  An orc priest (D:7)
  2 gnoll boudas
  6 iguanas
  10 orc wizards
  4 sleepcaps
  Robin (D:4)
  10 gnolls
  5 adders
  A white imp (D:7)
  3 worms
  2 dart slugs (D:1)
  14 orcs
  3 ball pythons
  9 endoplasms
  8 giant cockroaches
  14 hobgoblins
  6 quokkas
  8 bats
  3 frilled lizards
  12 goblins
  14 kobolds
  3 rats
175 creatures vanquished.

Vanquished Creatures (collateral kills)
  2 dart slugs (D:1)
  A ball python (D:1)
  A frilled lizard (D:2)
  A kobold (D:3)
  2 rats (D:1)
7 creatures vanquished.

Grand Total: 182 creatures vanquished

Notes
Turn   | Place    | Note
-------+----------+-------------------------------------------
     0 | D:1      | 112233 the Human Necromancer began the quest for the Orb.
     0 | D:1      | Reached XP level 1. HP: 13/13 MP: 3/3
    92 | D:1      | Reached XP level 2. HP: 19/19 MP: 0/5
   457 | D:1      | Reached XP level 3. HP: 24/24 MP: 0/6
   597 | D:1      | Learned a level 3 spell: Vampiric Draining
  1175 | D:2      | Reached XP level 4. HP: 30/30 MP: 3/7
  2250 | D:3      | Noticed a kobold brigand
  2270 | D:3      | Killed a kobold brigand
  2271 | D:3      | Reached XP level 5. HP: 31/35 MP: 1/9
  2719 | D:3      | Found Qiew's Weapon Shop.
  2727 | D:3      | Identified the +7 sling of Rubbish {speed, rC- rCorr Str+3}
  3548 | D:4      | Found a staircase to the Ecumenical Temple.
  3557 | Temple   | Entered the Ecumenical Temple
  3562 | Temple   | Became a worshipper of Gozag Ym Sagoz the Greedy
  3587 | D:4      | Reached XP level 6. HP: 41/41 MP: 2/10
  3595 | D:4      | Found a sparkling altar of Nemelex Xobeh.
  3605 | D:4      | Reached skill level 5 in Necromancy
  4046 | D:4      | Found a snail-covered altar of Cheibriados.
  4194 | D:5      | Entered Level 5 of the Dungeon
  4206 | D:5      | Learned a level 5 spell: Agony
  4338 | D:5      | Found a shimmering blue altar of Sif Muna.
  4363 | D:4      | Noticed an ogre
  4370 | D:4      | Killed an ogre
  4371 | D:4      | Reached XP level 7. HP: 46/46 MP: 12/12
  4378 | D:4      | Found a bloodstained altar of Trog.
  4394 | D:4      | Found an ancient bone altar of Kikubaaqudgha.
  4413 | D:4      | Found Pama's Armour Shop.
  4527 | D:4      | Bought a scarf of shadows for 156 gold pieces
  4550 | D:4      | Found Nafraw's Antique Armour Shop.
  4722 | D:4      | Found Tur Tamp's Distillery.
  4728 | D:4      | Bought a potion of magic for 104 gold pieces
  4915 | D:4      | Noticed Blork the orc
  4930 | D:4      | Killed Blork the orc
  5012 | D:4      | Found a glowing silver altar of Zin.
  5088 | D:4      | Reached skill level 6 in Necromancy
  5192 | D:4      | Noticed Robin
  5201 | D:4      | Killed Robin
  5510 | D:5      | Reached XP level 8. HP: 42/52 MP: 8/14
  5636 | D:5      | Reached skill level 5 in Dodging
  5912 | D:5      | Found a radiant altar of Vehumet.
  5920 | D:5      | Reached skill level 5 in Spellcasting
  6857 | D:6      | Reached skill level 7 in Necromancy
  6919 | D:6      | Reached XP level 9. HP: 57/57 MP: 5/17
  8434 | D:7      | Found a shadowy altar of Dithmenos.
  8794 | D:7      | Reached skill level 8 in Necromancy
  9539 | D:7      | Noticed a hornet
  9544 | D:7      | Killed a hornet
  9545 | D:7      | Reached XP level 10. HP: 54/63 MP: 13/20
 10132 | D:9      | Reached skill level 9 in Necromancy
 10250 | D:9      | Noticed Harold
 10252 | D:9      | Found a staircase to the Orcish Mines.
 10261 | D:9      | Killed Harold
 10264 | D:9      | Slain by a warg

Illustrated notes

Levels and vault maps discovered:
D:1:      dpeg_arrival_windows_large_door, layout_rooms, minmay_circled_x
D:2:      layout_loops_cross
D:3:      cheibrodos_thug_alley, layout_loops_ring, serial_shops,
          nicolae_shop_statue_plus
D:4:      layout_gridville, mainiacjoe_overflow_catwalk, zin_academy,
          slow_altar_1, mainiacjoe_overflow_large_starburst,
          minmay_temple_entry_grid, serial_shops, nicolae_shop_stone,
          nicolae_shop_waterfront, kennysheep_little_box,
          minmay_a_box_with_orc_wizards_in_it, uniq_blork_the_orc, uniq_robin
D:5:      layout_layer_cave, vehumet_altar_wand_db, led_sif_book
D:6:      layout_rooms, serial_corexii_hall, chequers_hall_statues_wall_a,
          corexii_hall_statues_u, dreamdust_wishing_well
D:7:      layout_basic, nicolae_dithmenos_the_darkroom
D:8:      layout_basic, kennysheep_mini, david_lair_shrubbed, minmay_checkerbox
D:9:      layout_basic, amcnicky_altar_gilded, david_orc_3, uniq_amaemon,
          uniq_harold
Temple:   minmay_freezing_vapour_temple

Skill      XL: |  1  2  3  4  5  6  7  8  9 10 |
---------------+-------------------------------+-----
Dodging        | 3 4 6 7 8 |  8.6
Spellcasting   | 3 4 5 7 |  7.9
Necromancy     | 5 6 7 8 9 |  9.3
Stealth        | |  2.8

Action                     |  1- 3 |  4- 6 |  7- 9 | 10-12 || total
---------------------------+-------+-------+-------+-------++-------
  Melee: Club              |     7 |    19 |       |       ||    26
         Spear             |       |    32 |   107 |    16 ||   155
         Punch             |       |     1 |       |       ||     1
   Cast: Necrotise         |    69 |   106 |   147 |    30 ||   352
         Vampiric Draining |       |     2 |    57 |    11 ||    70
  Evoke: Wand              |       |       |     4 |     5 ||     9
    Use: Potion            |     1 |     2 |     3 |     1 ||     7
         Scroll            |       |       |       |     1 ||     1
   Stab: Sleeping          |       |     1 |     2 |       ||     3
 Armour: Robe              |    14 |     8 |     9 |     2 ||    33
  Dodge: Dodged            |    32 |    68 |   177 |    35 ||   312

Table legend: (Time is in decaauts)
 A = Elapsed time spent in this place.
 B = Non-inter-level travel time spent in this place.
 C = Inter-level travel time spent in this place.
 D = Time resting spent in this place.
 E = Time spent auto-exploring this place.
 F = Levels seen in this place.
 G = Mean time per level.
                   A        B        C        D        E       F      G
               +--------+--------+--------+--------+--------+-----+--------+
         Total |  10307 |   9997 |    310 |   1388 |   7385 |  10 | 1030.7 |
       Dungeon |  10296 |   9995 |    301 |   1388 |   7385 |   9 | 1144.0 |
        Temple |     10 |      1 |      9 |      0 |      0 |   1 |   10.0 |
               +--------+--------+--------+--------+--------+-----+--------+

Top non-repeatable levels by time:
     D:5: 2209 daAuts
     D:3: 1733 daAuts
     D:7: 1487 daAuts
     D:4: 1451 daAuts
     D:1: 1144 daAuts
     D:6: 955 daAuts
     D:2: 893 daAuts
     D:8: 235 daAuts
     D:9: 186 daAuts
  Temple: 10 daAuts
